AoeStats
← Tsimentopoulos

Lombardia

509608831Analyzed
4v4 RM · 6d ago on Sep 27, 2026· 48m 23s· 8 players
Game mode
Random Map
Map size
Large (8 player)
Population
200
Speed
Normal
Resources
Standard
Victory
Conquest
Starting age
Dark Age
Ending age
Imperial Age
RankedLock teamsTeams togetherTeam positionsShared explorationLock speedFull tech treeHidden civsTurbo modeCheats
Victory
Defeat
🇨🇳 Teutons · China
1120
+12
🇨🇳 Huns · China
1088
+13
🇩🇪 Saxons · Germany
1066
+14
🇭🇰 Franks · Hong Kong SAR China
1060
+14
🇬🇷 Poles · Greece
1084
-16
🇬🇷 Italians · Greece
1018
-13
🇹🇷 Celts · Türkiye
1001
-12
🇹🇷 Georgians · Türkiye
984
-12
H wont help
0:49 Loom
11:19 Feudal Age
11:58 Double-Bit Axe
16:56 Castle Age
15:18 Stone Mining
15:41 Gold Mining
23:21 Wheelbarrow
25:18 Gold Shaft Mining
25:42 Hand Cart
25:13 Town Watch
27:29 Bow Saw
31:32 Imperial Age
29:16 Husbandry
30:15 Forging
30:33 Town Patrol
30:42 Scale Barding Armor
30:21 Pikeman
31:02 Squires
31:28 Ballistics
30:49 Treadmill Crane
31:05 Murder Holes
31:31 Arson
31:56 Fletching
32:43 Iron Casting
32:08 Cavalier
33:14 Chain Barding Armor
32:48 Halberdier
37:36 Chemistry
37:41 Blast Furnace
37:18 Plate Barding Armor
37:22 Conscription
36:39 Light Cavalry
38:04 Caravan
39:38 Bodkin Arrow
39:51 Siege Engineers
39:33 Arrowslits
39:47 Paladin
41:25 Fervor
41:31 Block Printing
41:28 Masonry
42:33 Padded Archer Armor
42:36 Scale Mail Armor
47:09 Chivalry
47:47 Hoardings
灰原哀脚踢毛利兰
5:14 Loom
10:33 Feudal Age
18:23 Castle Age
17:54 Horse Collar
19:25 Double-Bit Axe
28:08 Heavy Plow
29:51 Marauders
29:50 Gold Mining
31:19 Murder Holes
31:43 Forging
31:39 Scale Barding Armor
34:31 Imperial Age
32:14 Caravan
33:22 Wheelbarrow
32:46 Stone Mining
33:31 Gold Shaft Mining
33:15 Bow Saw
34:32 Iron Casting
34:52 Hand Cart
34:49 Husbandry
35:42 Conscription
35:36 Bloodlines
37:42 Blast Furnace
37:03 Chain Barding Armor
37:25 Elite Tarkan
38:23 Pikeman
40:40 Squires
40:47 Scale Mail Armor
41:23 Plate Barding Armor
40:40 Fletching
41:04 Arson
linmuchen
11:01 Feudal Age
10:46 Loom
15:33 Castle Age
15:02 Double-Bit Axe
16:37 Bow Saw
16:51 Horse Collar
21:25 Wheelbarrow
23:03 Hand Cart
23:36 Gold Mining
24:22 Heavy Plow
24:21 Stone Mining
29:29 Imperial Age
27:36 Scale Barding Armor
29:11 Chain Barding Armor
29:04 Forging
29:11 Caravan
29:44 Bloodlines
30:46 Plate Barding Armor
29:32 Cavalier
31:28 Two-Man Saw
30:20 Sappers
31:10 Conscription
32:36 Chemistry
32:22 Iron Casting
31:52 Capped Ram
32:57 Squires
32:58 Paladin
36:10 Blast Furnace
45:57 Siege Engineers
Rackl Peter
7:42 Loom
11:24 Feudal Age
13:24 Double-Bit Axe
13:22 Horse Collar
16:54 Castle Age
20:33 Bow Saw
21:31 Heavy Plow
22:27 Wheelbarrow
24:20 Hand Cart
24:44 Fletching
31:19 Imperial Age
28:37 Town Watch
28:52 Bodkin Arrow
29:33 Crossbowman
30:20 Thumb Ring
30:19 Padded Archer Armor
31:36 Gambesons
31:52 Squires
31:58 Town Patrol
31:33 Arbalester
33:45 Chemistry
33:08 Ballistics
33:49 Chemistry
32:57 Elite Varangian Guard
34:21 Bracer
36:21 Conscription
35:24 Shield Wall
37:51 Caravan
39:32 Forging
39:23 Scale Mail Armor
39:40 Leather Archer Armor
39:41 Siege Engineers
39:48 Masonry
39:33 Murder Holes
42:30 Iron Casting
42:26 Ring Archer Armor
42:11 Chain Mail Armor
42:26 Arson
Tsimentopoulos
12:07 Feudal Age
13:30 Double-Bit Axe
13:27 Horse Collar
16:35 Castle Age
15:24 Loom
18:51 Bow Saw
22:44 Heavy Plow
27:49 Wheelbarrow
28:27 Stone Mining
31:51 Imperial Age
30:26 Hand Cart
29:53 Light Cavalry
31:35 Bloodlines
31:25 Husbandry
32:14 Forging
32:11 Scale Barding Armor
32:49 Caravan
33:41 Iron Casting
33:35 Gold Mining
34:25 Stone Shaft Mining
34:45 Town Watch
36:50 Blast Furnace
35:50 Scale Mail Armor
36:14 Chain Barding Armor
36:44 Winged Hussar
38:21 Town Patrol
38:47 Chain Mail Armor
38:32 Padded Archer Armor
40:24 Chemistry
39:30 Siege Engineers
39:46 Ballistics
39:34 Elite Obuch
43:11 Lechitic Legacy
45:20 Fortified Wall
dripped fly lo
8:46 Loom
12:37 Feudal Age
16:59 Castle Age
15:40 Double-Bit Axe
20:01 Bow Saw
20:07 Horse Collar
21:52 Heavy Plow
26:37 Wheelbarrow
27:59 Hand Cart
31:14 Thumb Ring
32:02 Stone Mining
32:03 Gold Mining
34:59 Imperial Age
34:04 Silk Road
34:47 Fletching
34:58 Padded Archer Armor
35:33 Bodkin Arrow
35:52 Elite Genoese Crossbowman
36:50 Caravan
39:56 Leather Archer Armor
39:42 Bracer
42:50 Chemistry
42:11 Ballistics
42:26 Ring Archer Armor
モ大は題の
0:37 Loom
15:28 Feudal Age
16:12 Double-Bit Axe
22:12 Castle Age
23:12 Town Watch
23:29 Fletching
25:53 Wheelbarrow
25:19 Town Patrol
28:43 Pikeman
29:11 Arson
29:25 Stronghold
33:13 Bodkin Arrow
36:30 Hand Cart
42:10 Bow Saw
42:13 Fortified Wall
42:00 Murder Holes
43:52 Ballistics
43:44 Masonry
43:40 Scale Mail Armor
43:52 Horse Collar
46:25 Chain Mail Armor
Chad
11:21 Feudal Age
15:16 Castle Age
13:58 Loom
14:49 Wheelbarrow
14:44 Double-Bit Axe
15:44 Loom
16:34 Wheelbarrow
27:19 Fortified Wall
28:35 Gold Mining
28:55 Bow Saw
28:37 Stone Mining
29:59 Bow Saw
30:30 Stone Shaft Mining
31:37 Hand Cart
32:26 Svan Towers
36:12 Imperial Age
34:03 Scale Mail Armor
34:14 Forging
34:10 Scale Barding Armor
34:30 Ballistics
34:32 Fletching
34:43 Padded Archer Armor
34:41 Guard Tower
36:38 Iron Casting
36:24 Chain Barding Armor
36:06 Murder Holes
36:16 Heavy Scorpion
38:00 Chemistry
38:24 Conscription
40:27 Masonry
41:02 Siege Engineers
41:32 Onager
Connection lost

Rejoining the realm…

Still unreachable

The connection could not be restored.

Session expired

The server has moved on; the page needs a fresh start.